| TOP OF THE 1ST |
|
San Jose Giants batting - Pitching for Springfield Cardinals : LHP Kazuo Nishihara
|
|
Pitching: LHP Kazuo Nishihara
|
|
|
Batting: RHB Tony Mendez
|
0-0: Ball 1-0: Swinging Strike 1-1: Ball 2-1: Foul Ball, location: 2F 2-2: Ball 3-2: Foul Ball, location: 2F 3-2: Fly out, F8 (Flyball, 8RD, EV 101.9 MPH)
|
|
Batting: RHB Guillermo Mojica
|
0-0: Called Strike 0-1: Fly out, F8 (Flyball, 8RD, EV 96.9 MPH)
|
|
Batting: RHB Billy Pranger
|
0-0: Ball 1-0: Called Strike 1-1: Swinging Strike 1-2: Ball 2-2: Foul Ball, location: 2F 2-2: Fly out, F8 (Flyball, 78M, EV 90.6 MPH)
|
| Top of the 1st over - 0 runs, 0 hits, 0 errors, 0 left on base; San Jose 0 - Springfield 0 |
| BOTTOM OF THE 1ST |
|
Springfield Cardinals batting - Pitching for San Jose Giants : RHP Isidro Aguirre
|
|
Pitching: RHP Isidro Aguirre
|
|
|
Batting: RHB Jeff Long
|
0-0: Ball 1-0: Ball 2-0: Ball 3-0: Called Strike 3-1: Ground out 5-3 (Groundball, 56S, EV 91.2 MPH)
|
|
Batting: RHB McGwire Jones
|
0-0: Called Strike 0-1: SINGLE (Groundball, 56D, EV 107.5 MPH)
|
|
Batting: LHB Angelo Vasquez
|
0-0: Called Strike 0-1: Called Strike 0-2: Ball 1-2: Ball 2-2: Grounds into double play, 4-6-3 (Groundball, 4D, EV 83.1 MPH)
|
| Bottom of the 1st over - 0 runs, 1 hit, 0 errors, 0 left on base; San Jose 0 - Springfield 0 |
| TOP OF THE 2ND |
|
San Jose Giants batting - Pitching for Springfield Cardinals : LHP Kazuo Nishihara
|
|
Batting: RHB Chris Bittner
|
0-0: Ball 1-0: Ball 2-0: Ball 3-0: Foul Ball, location: 2F 3-1: SINGLE (Flyball, 34D, EV 100.0 MPH)
|
|
Batting: LHB Ryan Braden
|
0-0: Called Strike 0-1: Ball 1-1: Ball 2-1: Called Strike 2-2: Strikes out swinging
|
|
Batting: RHB Adam Noyes
|
0-0: Fielders Choice at 2nd, 4-6 (Groundball, 4S, EV 84.4 MPH)
|
|
Batting: SHB David Beauchamp
|
0-0: Foul Ball, location: 2F 0-1: Called Strike Adam Noyes is caught stealing 2nd base 2-4
|
| Top of the 2nd over - 0 runs, 1 hit, 0 errors, 0 left on base; San Jose 0 - Springfield 0 |
| BOTTOM OF THE 2ND |
|
Springfield Cardinals batting - Pitching for San Jose Giants : RHP Isidro Aguirre
|
|
Batting: LHB Travis Ruppel
|
0-0: Foul Ball, location: 2F 0-1: Ball 1-1: Ball 2-1: SINGLE (Groundball, 4D, EV 105.0 MPH)
|
|
Batting: LHB Ronnie Ashley
|
0-0: Ball 1-0: Foul Ball, location: 2F 1-1: Fielders Choice at 2nd, 6-4 (Groundball, 6D, EV 83.8 MPH)
|
|
Batting: RHB Tommy Boudreaux
|
0-0: Foul Ball, location: 2F 0-1: Foul Ball, location: 2F 0-2: Foul Ball, location: 2F 0-2: Ball 1-2: Ball 2-2: Ball 3-2: Fly out, F7 (Flyball, 7D, EV 96.9 MPH)
|
|
Batting: RHB Fortunato Fteira
|
0-0: Ball 1-0: Swinging Strike 1-1: Called Strike 1-2: Fly out, F3 (Popup, 3S, EV 66.2 MPH)
|
| Bottom of the 2nd over - 0 runs, 1 hit, 0 errors, 1 left on base; San Jose 0 - Springfield 0 |
| TOP OF THE 3RD |
|
San Jose Giants batting - Pitching for Springfield Cardinals : LHP Kazuo Nishihara
|
|
Batting: SHB David Beauchamp
|
0-0: Ball 1-0: Called Strike 1-1: Ground out 5-3 (Groundball, 56S, EV 68.1 MPH)
|
|
Batting: LHB Mike Roberts
|
0-0: Ball 1-0: Ground out 6-3 (Groundball, 6, EV 106.9 MPH)
|
|
Batting: LHB Yeong-hun Joe
|
0-0: Ball 1-0: Fly out, F9 (Flyball, 89M, EV 85.0 MPH)
|
| Top of the 3rd over - 0 runs, 0 hits, 0 errors, 0 left on base; San Jose 0 - Springfield 0 |
| BOTTOM OF THE 3RD |
|
Springfield Cardinals batting - Pitching for San Jose Giants : RHP Isidro Aguirre
|
|
Batting: RHB Immel Kamuzu
|
0-0: Ball 1-0: Ball 2-0: Called Strike 2-1: Foul Ball, location: 2F 2-2: Strikes out swinging
|
|
Batting: RHB Juan Martinez
|
0-0: Ball 1-0: Foul Ball, location: 2F 1-1: Swinging Strike 1-2: Strikes out swinging
|
|
Batting: RHB Jeff Long
|
0-0: Ground out 6-3 (Groundball, 6M, EV 104.4 MPH)
|
| Bottom of the 3rd over - 0 runs, 0 hits, 0 errors, 0 left on base; San Jose 0 - Springfield 0 |
| TOP OF THE 4TH |
|
San Jose Giants batting - Pitching for Springfield Cardinals : LHP Kazuo Nishihara
|
|
Batting: RHB Tony Mendez
|
0-0: Fly out, F9 (Flyball, 89M, EV 86.9 MPH)
|
|
Batting: RHB Guillermo Mojica
|
0-0: Called Strike 0-1: Ball 1-1: Swinging Strike 1-2: Fly out, F8 (Flyball, 8RD, EV 89.4 MPH)
|
|
Batting: RHB Billy Pranger
|
0-0: Called Strike 0-1: Ball 1-1: Ball 2-1: Foul Ball, location: 2F 2-2: SOLO HOME RUN (Flyball, 7D, EV 97.5 MPH), Distance : 380 ft
|
|
Batting: RHB Chris Bittner
|
0-0: Swinging Strike 0-1: Ball 1-1: Ball 2-1: Ground out 6-3 (Groundball, 6, EV 104.4 MPH)
|
| Top of the 4th over - 1 run, 1 hit, 0 errors, 0 left on base; San Jose 1 - Springfield 0 |
| BOTTOM OF THE 4TH |
|
Springfield Cardinals batting - Pitching for San Jose Giants : RHP Isidro Aguirre
|
|
Batting: RHB McGwire Jones
|
0-0: Ball 1-0: Ball 2-0: Ball 3-0: Base on Balls
|
|
Batting: LHB Angelo Vasquez
|
0-0: Ball 1-0: Ball 2-0: Ball 3-0: Base on Balls McGwire Jones to second
|
|
Batting: LHB Travis Ruppel
|
0-0: Ball 1-0: Ball 2-0: Foul Ball, location: 2F 2-1: Grounds into double play, 6-4-3 (Groundball, 56, EV 94.4 MPH) McGwire Jones to third
|
|
Batting: LHB Ronnie Ashley
|
0-0: Ball 1-0: Ball 2-0: Ball 3-0: Base on Balls
|
|
Batting: RHB Tommy Boudreaux
|
0-0: Fly out, F7 (Flyball, 7, EV 74.4 MPH)
|
| Bottom of the 4th over - 0 runs, 0 hits, 0 errors, 2 left on base; San Jose 1 - Springfield 0 |
| TOP OF THE 5TH |
|
San Jose Giants batting - Pitching for Springfield Cardinals : LHP Kazuo Nishihara
|
|
Batting: LHB Ryan Braden
|
0-0: Called Strike 0-1: Ball 1-1: Called Strike 1-2: Foul Ball, location: 2F 1-2: Strikes out looking
|
|
Batting: RHB Adam Noyes
|
0-0: Called Strike 0-1: Called Strike 0-2: Foul Ball, location: 2F 0-2: Foul Ball, location: 2F 0-2: Ball 1-2: Ball 2-2: Foul Ball, location: 2F 2-2: Ball 3-2: Ground out 4-3 (Groundball, 4, EV 76.2 MPH)
|
|
Batting: SHB David Beauchamp
|
0-0: Ball 1-0: Foul Ball, location: 2F 1-1: Ground out 4-3 (Groundball, 4M, EV 85.6 MPH)
|
| Top of the 5th over - 0 runs, 0 hits, 0 errors, 0 left on base; San Jose 1 - Springfield 0 |
| BOTTOM OF THE 5TH |
|
Springfield Cardinals batting - Pitching for San Jose Giants : RHP Isidro Aguirre
|
|
Batting: RHB Fortunato Fteira
|
0-0: Called Strike 0-1: Ball 1-1: Ball 2-1: Foul Ball, location: 2F 2-2: SINGLE (Groundball, 56D, EV 94.4 MPH)
|
|
Batting: RHB Immel Kamuzu
|
0-0: Ball 1-0: Ball 2-0: Ball 3-0: Base on Balls Fortunato Fteira to second
|
|
Batting: RHB Juan Martinez
|
0-0: Ball 1-0: Called Strike 1-1: Foul Ball, location: 2F 1-2: Ball 2-2: Ball 3-2: Fly out, F8 (Flyball, 8RS, EV 90.6 MPH)
|
|
Batting: RHB Jeff Long
|
0-0: DOUBLE (Line Drive, 5D, EV 94.4 MPH) Fortunato Fteira scores Immel Kamuzu to third Runner from 3rd tries for Home, SAFE, throw by LF to trailing runner, OUT at third! 7-3-5
|
|
Batting: RHB McGwire Jones
|
0-0: Called Strike 0-1: Ball 1-1: Ground out 6-3 (Groundball, 56D, EV 105.0 MPH)
|
| Bottom of the 5th over - 2 runs, 2 hits, 0 errors, 0 left on base; San Jose 1 - Springfield 2 |
| TOP OF THE 6TH |
|
San Jose Giants batting - Pitching for Springfield Cardinals : LHP Kazuo Nishihara
|
|
Batting: LHB Mike Roberts
|
0-0: Foul Ball, location: 2F 0-1: Called Strike 0-2: Foul Ball, location: 2F 0-2: Fly out, F5 (Flyball, 5D, EV 95.0 MPH)
|
|
Batting: LHB Yeong-hun Joe
|
0-0: Ball 1-0: Ball 2-0: Foul Ball, location: 2F 2-1: Ball 3-1: Foul Ball, location: 2F 3-2: Ground out 4-3 (Groundball, 4, EV 87.5 MPH)
|
|
Batting: RHB Tony Mendez
|
0-0: Foul Ball, location: 2F 0-1: Ball 1-1: Ball 2-1: Foul Ball, location: 2F 2-2: Ground out 6-3 (Groundball, 6, EV 80.0 MPH)
|
| Top of the 6th over - 0 runs, 0 hits, 0 errors, 0 left on base; San Jose 1 - Springfield 2 |
| BOTTOM OF THE 6TH |
|
Springfield Cardinals batting - Pitching for San Jose Giants : RHP Isidro Aguirre
|
|
Batting: LHB Angelo Vasquez
|
0-0: Swinging Strike 0-1: SINGLE (Groundball, 4MD, EV 102.5 MPH)
|
|
Batting: LHB Travis Ruppel
|
0-0: Called Strike 0-1: Grounds into double play, 4-6-3 (Groundball, 34, EV 80.6 MPH)
|
|
Batting: LHB Ronnie Ashley
|
0-0: Ball 1-0: Fly out, F4 (Popup, 3S, EV 91.2 MPH)
|
| Bottom of the 6th over - 0 runs, 1 hit, 0 errors, 0 left on base; San Jose 1 - Springfield 2 |
| TOP OF THE 7TH |
|
San Jose Giants batting - Pitching for Springfield Cardinals : LHP Kazuo Nishihara
|
|
Now at 1B: Davey Beeson
|
|
|
Batting: RHB Guillermo Mojica
|
0-0: Ball 1-0: Swinging Strike 1-1: SINGLE (Flyball, 8LS, EV 90.6 MPH)
|
|
Batting: RHB Billy Pranger
|
0-0: Called Strike 0-1: Called Strike 0-2: Fly out, F6 (Line Drive, 6, EV 64.4 MPH)
|
|
Batting: RHB Chris Bittner
|
0-0: Fly out, F7 (Flyball, 7S, EV 78.1 MPH)
|
|
Pinch Hitting: RHB Leon Alders
|
0-0: Ball 1-0: Ball 2-0: Foul Ball, location: 2F 2-1: Ball 3-1: Called Strike 3-2: Ground out 6-3 (Groundball, 6, EV 92.5 MPH)
|
| Top of the 7th over - 0 runs, 1 hit, 0 errors, 1 left on base; San Jose 1 - Springfield 2 |
| BOTTOM OF THE 7TH |
|
Springfield Cardinals batting - Pitching for San Jose Giants : RHP Isidro Aguirre
|
|
Now in LF: Mike Roberts
|
|
|
Now in RF: Steve Nevis
|
|
|
Batting: RHB Tommy Boudreaux
|
0-0: Ball 1-0: Ball 2-0: Ball 3-0: Base on Balls
|
|
Batting: RHB Fortunato Fteira
|
0-0: Ball 1-0: Ball 2-0: Foul Ball, location: 2F 2-1: Ball 3-1: Foul Ball, location: 2F 3-2: Foul Ball, location: 2F 3-2: Base on Balls Tommy Boudreaux to second
|
|
Pitching: RHP Steve Ryals
|
|
|
Batting: RHB Immel Kamuzu
|
0-0: Ball 1-0: Ball 2-0: Sac Bunt to 13S - play at first, batter OUT! 1-4 Tommy Boudreaux to third Fortunato Fteira to second
|
|
Batting: RHB Juan Martinez
|
0-0: Ball 1-0: Foul Ball, location: 2F 1-1: Foul Ball, location: 2F 1-2: SINGLE (Groundball, 6D, EV 107.5 MPH) Tommy Boudreaux scores Fortunato Fteira to third Runner from 3rd tries for Home, SAFE, throw by CF to home
|
|
Batting: RHB Jeff Long
|
0-0: Called Strike 0-1: Ball 1-1: Called Strike 1-2: Ball Juan Martinez steals 2nd base 2-2: Ball 3-2: Ground out 3-1 (Groundball, 34, EV 102.5 MPH) Juan Martinez to third
|
|
Batting: RHB McGwire Jones
|
0-0: Called Strike 0-1: Swinging Strike 0-2: Ball 1-2: Ground out 2-3 (Groundball, 15S, EV 74.4 MPH)
|
| Bottom of the 7th over - 2 runs, 1 hit, 0 errors, 1 left on base; San Jose 1 - Springfield 4 |
| TOP OF THE 8TH |
|
San Jose Giants batting - Pitching for Springfield Cardinals : LHP Kazuo Nishihara
|
|
Batting: RHB Adam Noyes
|
0-0: Ball 1-0: Foul Ball, location: 2F 1-1: SINGLE (Groundball, 25, EV 76.2 MPH) (infield hit)
|
|
Batting: SHB David Beauchamp
|
0-0: Ball 1-0: Called Strike 1-1: Grounds into double play, 5-4-3 (Groundball, 56S, EV 82.5 MPH)
|
|
Pinch Hitting: RHB Laroya Foronda
|
0-0: Called Strike 0-1: Called Strike 0-2: Ball 1-2: Fly out, F7 (Flyball, 78M, EV 94.4 MPH)
|
| Top of the 8th over - 0 runs, 1 hit, 0 errors, 0 left on base; San Jose 1 - Springfield 4 |
| BOTTOM OF THE 8TH |
|
Springfield Cardinals batting - Pitching for San Jose Giants : RHP Steve Ryals
|
|
Now in LF: Steve Nevis
|
|
|
Now in RF: Laroya Foronda
|
|
|
Batting: RHB Davey Beeson
|
0-0: Ball 1-0: Ball 2-0: Foul Ball, location: 2F 2-1: Ball 3-1: SINGLE (Line Drive, 89M, EV 101.9 MPH)
|
|
Batting: LHB Travis Ruppel
|
0-0: Called Strike 0-1: Foul Ball, location: 2F 0-2: Ball 1-2: Strikes out swinging
|
|
Batting: LHB Ronnie Ashley
|
0-0: Ball 1-0: Foul Ball, location: 2F 1-1: Foul Ball, location: 2F 1-2: Foul Ball, location: 2F 1-2: Ball 2-2: DOUBLE (Groundball, 5L, EV 94.4 MPH) Davey Beeson to third
|
|
Batting: RHB Tommy Boudreaux
|
0-0: Foul Ball, location: 2F 0-1: Ground out 5-3 (Groundball, 5, EV 90.0 MPH)
|
|
Batting: RHB Fortunato Fteira
|
0-0: Fly out, F9 (Flyball, 89S, EV 88.1 MPH)
|
| Bottom of the 8th over - 0 runs, 2 hits, 0 errors, 2 left on base; San Jose 1 - Springfield 4 |
| TOP OF THE 9TH |
|
San Jose Giants batting - Pitching for Springfield Cardinals : LHP Kazuo Nishihara
|
|
Pitching: LHP John Grinter
|
|
|
Pinch Hitting: RHB Oscar Fausto
|
0-0: Ball 1-0: Called Strike 1-1: Ball 2-1: Foul Ball, location: 2F 2-2: Strikes out looking
|
|
Batting: RHB Tony Mendez
|
0-0: Foul Ball, location: 2F 0-1: Swinging Strike 0-2: Strikes out looking
|
|
Batting: RHB Guillermo Mojica
|
0-0: Ball 1-0: Ball 2-0: Ball 3-0: Base on Balls
|
|
Batting: RHB Billy Pranger
|
0-0: Ball 1-0: Ball 2-0: Called Strike 2-1: Fielders Choice at 2nd, 5-4 (Groundball, 56, EV 87.5 MPH)
|
| Top of the 9th over - 0 runs, 0 hits, 0 errors, 1 left on base; San Jose 1 - Springfield 4 |
|